Map: Catalyst LE

Players

TheNotorious - Winner!

  • Race: Protoss Protoss
  • League: Grandmaster
  • Spawn Location: 5:00

Sweps

  • Race: Protoss Protoss
  • League: Grandmaster
  • Spawn Location: 11:00

VOD

Have the link to the VOD?

Description

Time

  • Played on: Dec. 19, 2017, 2:11 a.m.
  • Length: 10:34
Show
View Real Time Build Order
Export as new Build Order

TheNotorious Protoss - Winner!

Build Orders: Phoenix Opening 

Get SALT Encoding   

  12  0:00  Probe  
  13  0:13  Probe  
  14  0:17  Pylon  
  14  0:25  Probe  
  15  0:37  Probe (Chrono Boost)  
  15  0:38  Gateway  
  16  0:44  Assimilator  
  16  0:49  Probe (Chrono Boost)  
  18  0:58  Probe (Chrono Boost)  
  18  1:01  Gateway  
  18  1:03  Probe  
  19  1:11  Assimilator  
  19  1:15  Probe  
  20  1:25  Cybernetics Core  
  20  1:27  Probe  
  21  1:37  Pylon  
  21  1:39  Probe  
  23  2:01  Adept  
  23  2:02  Adept  
  23  2:05  Stargate  
  23  2:07  Probe  
  27  2:19  Probe  
  28  2:24  Pylon  
  28  2:26  Shield Battery  
  28  2:31  Probe  
  28  2:35  Adept  
  31  2:49  Phoenix (Chrono Boost)  
  33  3:02  Robotics Facility  
  33  3:06  Phoenix (Chrono Boost)  
  35  3:34  Phoenix (Chrono Boost)  
  35  3:43  Nexus  
  35  3:45  Probe  
  36  3:50  Observer  
  36  3:53  Pylon  
  37  4:00  Phoenix (Chrono Boost)  
  39  4:11  Pylon, Probe  
  40  4:24  Phoenix  
  40  4:29  Probe (Chrono Boost)  
  44  4:39  Probe (Chrono Boost)  
  44  4:40  Immortal  
  48  4:47  Probe  
  49  4:56  Phoenix  
  49  4:59  Probe  
  52  5:11  Probe (Chrono Boost)  
  51  5:18  Probe (Chrono Boost)  
  51  5:21  Phoenix  
  51  5:23  Assimilator, Probe (Chrono Boost)  
  51  5:27  Probe (Chrono Boost), Immortal  
  58  5:29  Probe (Chrono Boost)  
  59  5:46  Probe x2, Phoenix (Chrono Boost)  
  63  5:54  Assimilator  
  63  5:55  Pylon  
  63  5:57  Pylon  
  63  5:58  Probe x2  
  65  6:06  Immortal (Chrono Boost)  
  65  6:10  Probe  
  70  6:14  Phoenix  
  70  6:19  Probe  
  70  6:22  Probe  
  70  6:25  Shield Battery  
  72  6:26  Shield Battery  
  72  6:28  Shield Battery  
  72  6:31  Probe  
  73  6:37  Immortal (Chrono Boost)  
  77  6:42  Phoenix  
  77  6:44  Probe  
  77  6:46  Probe  
  81  6:51  Protoss Air Weapons Level 1 (Chrono Boost)  
  81  6:59  Stargate  
  81  7:07  Immortal (Chrono Boost)  
  85  7:26  Pylon  
  85  7:28  Pylon  
  85  7:36  Pylon  
  85  7:41  Immortal (Chrono Boost)  
  85  7:44  Zealot, Phoenix  
  85  7:46  Zealot, Phoenix  
  96  8:09  Pylon, Phoenix  
  96  8:11  Phoenix  
  100  8:19  Nexus  
  100  8:27  Immortal (Chrono Boost)  
  108  8:54  Void Ray (Chrono Boost)  
  108  8:59  Immortal  
  116  9:03  Void Ray (Chrono Boost)  
  116  9:09  Shield Battery  
  116  9:13  Shield Battery  
  116  9:18  Robotics Facility  
  116  9:22  Stargate  
  115  9:32  Phoenix  
  115  9:37  Immortal (Chrono Boost)  
  121  9:46  Probe  
Show
View Real Time Build Order
Export as new Build Order

Sweps Protoss 

Build Orders:  

Get SALT Encoding   

  12  0:00  Probe  
  13  0:12  Probe  
  14  0:17  Pylon  
  14  0:25  Probe (Chrono Boost)  
  15  0:37  Probe (Chrono Boost)  
  15  0:39  Gateway  
  16  0:45  Probe (Chrono Boost)  
  16  0:46  Assimilator  
  17  0:51  Probe  
  18  0:58  Assimilator  
  18  1:03  Probe  
  19  1:10  Gateway  
  19  1:15  Probe  
  20  1:26  Cybernetics Core  
  20  1:27  Probe  
  21  1:39  Probe  
  22  1:42  Pylon  
  22  1:51  Probe  
  23  2:01  Adept x2 (Chrono Boost)  
  27  2:13  Pylon  
  27  2:19  Stalker  
  27  2:20  Stalker  
  31  2:41  Nexus  
  29  3:00  Sentry  
  29  3:01  Shield Battery, Sentry  
  33  3:16  Shield Battery  
  33  3:28  Warp Gate (Chrono Boost)  
  33  3:33  Probe  
  34  3:35  Twilight Council  
  34  3:39  Shield Battery  
  32  3:42  Stalker x2  
  32  3:48  Gateway  
  36  3:52  Probe  
  36  3:53  Probe  
  39  4:12  Stalker x2, Blink (Chrono Boost)  
  42  4:31  Probe  
  42  4:32  Probe  
  42  4:38  Pylon  
  44  4:39  Stalker  
  44  4:43  Probe  
  47  4:57  Probe  
  47  4:58  Probe  
  49  5:09  Probe  
  49  5:10  Probe  
  46  5:21  Probe  
  46  5:22  Probe  
  46  5:27  Stalker  
  46  5:28  Stalker x2  
  54  5:33  Probe  
  56  5:35  Pylon  
  56  5:38  Robotics Facility  
  56  5:40  Probe  
  55  5:46  Probe  
  56  5:52  Probe, Stalker  
  56  5:55  Stalker  
  61  5:58  Probe  
  62  6:05  Pylon, Probe  
  61  6:15  Stalker  
  61  6:16  Stalker  
  67  6:20  Pylon  
  65  6:27  Probe  
  65  6:29  Warp Prism (Chrono Boost)  
  65  6:31  Probe, Charge (Chrono Boost)  
  69  6:39  Probe  
  70  6:41  Assimilator  
  70  6:43  Assimilator  
  70  6:48  Probe  
  70  6:49  Zealot x2  
  75  6:54  Gateway  
  75  7:03  Zealot  
  75  7:05  Probe  
  78  7:12  Gateway  
  78  7:18  Gateway  
  77  7:23  Probe (Chrono Boost)  
  77  7:26  Warp Prism  
  77  7:27  Probe (Chrono Boost)  
  80  7:31  Templar Archives  
  80  7:34  Probe (Chrono Boost)  
  82  7:37  Probe (Chrono Boost)  
  82  7:38  Probe (Chrono Boost)  
  82  7:40  Pylon  
  79  7:59  Zealot x3  
  79  8:00  Probe  
  86  8:16  High Templar x2  
  90  8:20  Archon, Gateway  
  90  8:22  High Templar x2  
  90  8:24  Gateway  
  93  8:27  Archon  
  93  8:45  Zealot x2  
  93  8:48  Probe x2  
  78  9:00  Probe (Chrono Boost)  
  73  9:06  Probe (Chrono Boost)  
  73  9:08  Zealot x4  
  73  9:09  Zealot x2  
  84  9:10  Probe (Chrono Boost)  
  84  9:14  Probe (Chrono Boost)  
  84  9:15  Probe (Chrono Boost)  
  86  9:25  Probe  
  86  9:26  Probe  
  86  9:37  Probe  
  86  9:38  High Templar x3  
  93  9:40  Probe  
  93  9:45  Archon  
  94  10:09  Probe  
Tags
 
Add a new tag
Caveats
  • Supply blocks, unpowered buildings, or Contaminate may cause inaccurate times.
  • Supply counts are checked every 10 seconds.